 Dungeon Crawl Stone Soup version 0.31-a0-344-gd109795599 (webtiles) character file.

Game seed: 5102559381481502138

42 garrulousMonolith the Changeling (level 3, -7/23 HPs)
             Began as an Octopode Shapeshifter on July 21, 2023.
             Mangled by a gnoll
             ... wielding a +0 halberd
              (8 damage)
             ... on level 2 of the Dungeon.
             The game lasted 00:00:55 (1052 turns).

garrulousMonolith the Changeling (OpSh)             Turns: 1052, Time: 00:00:56

Health: -7/23      AC:  1    Str: 14    XL:     3   Next: 54%
Magic:  3/3        EV: 13    Int: 10    God:
Gold:   51         SH:  0    Dex: 14    Spells: 2/2 levels left

rFire   . .          .
                       - Unarmed
rCold   . . .        (no shield)
rNeg    . . .        (helmet currently unavailable)
rPois   .            (no amulet)
rElec   .            (no ring)
rCorr   .            (no ring)
SInv    .            (no ring)
Will    .....        (no ring)
Stlth   +++          (no ring)
HPRegen 0.23/turn    (no ring)
MPRegen 0.08/turn    (no ring)
                     (no ring)

%: no passive effects
@: beast-form
A: beast (slay +2), almost no armour, amphibious, 8 rings, camouflage 1,
gelatinous body 1, (nimble swimmer 1), tentacles
a: Begin Untransformation


You were on level 2 of the Dungeon.
You were a hulking beast.
You visited 1 branch of the dungeon, and saw 2 of its levels.

You collected 51 gold pieces.

Inventory:

Hand Weapons
 f - a +1 sling
Missiles
 d - 3 poisoned darts (quivered)
 e - 4 javelins
Talismans
 b - a beast talisman
Scrolls
 c - a scroll of enchant weapon
 g - a scroll of teleportation {unknown}
 h - 2 scrolls of enchant armour {unknown}
 i - a scroll of revelation {unknown}
 j - 3 scrolls of identify {unknown}
 l - a scroll of torment {unknown}
 m - a scroll of fog {unknown}
Potions
 a - a potion of lignification
 k - a potion of invisibility {unknown}
 n - a potion of resistance {unknown}


   Skills:
 + Level 1.5 Fighting
 + Level 2.3 Dodging
 + Level 1.4 Stealth
 + Level 3.2 Unarmed Combat
 * Level 3.4 Shapeshifting


You had 2 spell levels left.
You didn't know any spells.
Your spell library contained the following spells:

 Spells                   Type           Power      Damage    Failure   Level
 Passwall                 Tmut/Erth      0%         N/A       50%         2
 Mephitic Cloud           Conj/Pois/Air  0%         N/A       75%         3
 Yara's Violent Unravell  Hex/Tmut       0%         3d3       100%        5
 Eringya's Noxious Bog    Tmut/Pois      0%         4d6       100%        6


Dungeon Overview and Level Annotations

Branches:
Dungeon (2/15)

Altars:


Innate Abilities, Weirdness & Mutations

You are a hulking beast.
Your limbs bulge with bestial killing power. (Slay +2)
You cannot wear most types of armour.
You are amphibious.
You can wear up to eight rings at the same time.
Your skin changes colour to match your surroundings (Stealth+).
Your rubbery body absorbs attacks. (AC +1, EV +1)
((You are camouflaged when in or above water. (Stealth+)))
You have tentacles for arms and can constrict up to eight enemies at once.


Message History

You kill the rat!
No target in view!
No target in view!
No target in view!
No target in view!
No target in view!
You see here a rat corpse.
A gnoll comes into view. It is wielding a +0 halberd.
Found a stone staircase leading down.
There is a stone staircase leading up here.
A gnoll is nearby!
A gnoll is nearby!
A bat comes into view.
Found a scroll labelled FAZOTHR NEWAOHU.
A gnoll comes into view. It is wielding a +0 whip.
A gnoll comes into view. It is wielding a +0 halberd.
Found 15 gold pieces.
A gnoll comes into view. It is wielding a +0 club.
The helpless gnoll fails to defend itself.
You tentacle-slap the gnoll. You grab the gnoll.
The gnoll is lightly wounded.
You constrict the gnoll.
The gnoll shouts! x2
The gnoll hits you with a +0 halberd. The gnoll closely misses you.
The gnoll shouts!
You tentacle-slap the gnoll.
The gnoll is heavily wounded.
You constrict the gnoll. The gnoll misses you.
The gnoll hits you from afar with a +0 halberd.
You are too injured to fight recklessly!
You are too injured to fight recklessly!
You tentacle-slap the gnoll but do no damage.
The gnoll is heavily wounded.
You constrict the gnoll. The gnoll closely misses you.
The gnoll hits you from afar with a +0 halberd!
Ouch! That really hurt!
* * * LOW HITPOINT WARNING * * *
You release your grip on the gnoll.
The gnoll attacks as you move away! The gnoll hits you with a +0 halberd!
You die...

. ## #. .### # #. ...#
.#### #. ##.##..... #.
......<.. #.
.........##<###g
......##......gg########
#.....##.# # #h.g....#
#........##.# #.##.#..#
##.#........####.##.#
#...#.#..# #.......#
#........# #.##.##.#
..†.#...## #.##.##.##.#
..#####.## #.##<......#
.........####.#.........
....†.........†..#..#...


You could see 4 gnolls.

Vanquished Creatures
  An adder (D:2)
  3 ball pythons
  2 bats (D:1)
  2 endoplasms (D:1)
  2 giant cockroaches
  A goblin (D:1)
  3 hobgoblins
  4 jackals (D:1)
  3 frilled lizards (D:1)
  5 kobolds
  3 rats
29 creatures vanquished.

Notes
Turn   | Place    | Note
-------+----------+-------------------------------------------
     0 | D:1      | garrulousMonolith the Octopode Shapeshifter began the quest
                  | for the Orb.
     0 | D:1      | Reached XP level 1. HP: 13/13 MP: 1/1
    87 | D:1      | Got Sif Muna's Codex of Windy Transformation
   318 | D:1      | Reached XP level 2. HP: 18/18 MP: 2/2
   449 | D:1      | Reached skill level 1 in Stealth
   625 | D:1      | Reached XP level 3. HP: 21/23 MP: 3/3
  1051 | D:2      | HP: 1/23 [gnoll/+0 halberd (14)]
  1052 | D:2      | Mangled by a gnoll

Illustrated notes

Levels and vault maps discovered:
D:1:      amcnicky_arrival_blooded_trapdoor, layout_loops_ring,
          palyth_stone_intersect
D:2:      layout_loops_cross, hangedman_decor_lopped, uniq_robin,
          uniq_crazy_yiuf_cottage

Skill      XL: |  1  2 |
---------------+-------+-----
Stealth        | 1 |  1.4
Fighting       | |  1.5
Dodging        | |  2.3
Unarmed Combat | |  3.2
Shapeshifting  | |  3.4

Action                     || total
---------------------------++-------
  Melee: Unarmed           ||    51
         Constrict         ||    15
         Tentacles         ||     6
         Punch             ||     2
  Throw: Dart              ||     1
    Use: Scroll            ||     1
   Stab: Sleeping          ||     5
 Armour: Skin              ||     3
  Dodge: Dodged            ||    27

Table legend: (Time is in decaauts)
 A = Elapsed time spent in this place.
 B = Non-inter-level travel time spent in this place.
 C = Inter-level travel time spent in this place.
 D = Time resting spent in this place.
 E = Time spent auto-exploring this place.
 F = Levels seen in this place.
 G = Mean time per level.
                   A        B        C        D        E       F      G
               +--------+--------+--------+--------+--------+-----+--------+
         Total |   1049 |    988 |     61 |    128 |    672 |   2 |  524.5 |
       Dungeon |   1049 |    988 |     61 |    128 |    672 |   2 |  524.5 |
               +--------+--------+--------+--------+--------+-----+--------+

Top non-repeatable levels by time:
     D:1: 906 daAuts
     D:2: 142 daAuts
